 Dungeon Crawl Stone Soup version 0.29.0-4-gdea44cf6ec (webtiles) character file.

Game seed: 8680851746633156061

15 qw the Sneak (level 2, -2/23 HPs)
             Began as a Ghoul Enchanter on Sept 6, 2022.
             Slain by a quokka (3 damage)
             ... on level 1 of the Dungeon.
             The game lasted 00:00:22 (867 turns).

qw the Sneak (Ghoul Enchanter)                       Turns: 867, Time: 00:00:23

Health: -2/23      AC:  2    Str: 11    XL:     2   Next: 50%
Magic:  3/3        EV: 12    Int: 10    God:
Gold:   26         SH:  0    Dex:  9    Spells: 4/4 levels left

rFire   . . .      SeeInvis .   f - +0 whip
rCold   + . .      Faith    .   (no shield)
rNeg    + + +      Spirit   .   b - +0 robe
rPois   inf        Reflect  .   (no helmet)
rElec   .          Harm     .   (no cloak)
rCorr   .          Rampage  .   (no gloves)
Will    .....                   (no boots)
Stlth   ++........              (no amulet)
HPRegen 0.00/turn               (no ring)
MPRegen 0.08/turn               (no ring)

@: inhibited regen
A: claws 1, cold resistance 1, negative energy resistance 3, inhibited
regeneration, torment resistance 2, devour on kill
a: no special abilities


You were on level 1 of the Dungeon.
You visited 1 branch of the dungeon, and saw 1 of its levels.

You collected 26 gold pieces.


Innate Abilities, Weirdness & Mutations

You are immune to poison.
You have sharp fingernails.
Your flesh is cold resistant. (rC+)
You are immune to negative energy. (rN+++)
You do not regenerate when monsters are visible.
You are immune to unholy pain and torment.
You thrive by killing the living.


   Skills:
 - Level 1.0 Fighting
 - Level 0.8 Short Blades
 + Level 1.4 Axes
 - Level 1.7 Dodging
 - Level 3.2 Stealth
 - Level 1.7 Spellcasting
 - Level 2.4 Hexes


You had 4 spell levels left.
You didn't know any spells.
Your spell library contained the following spells:

 Spells                   Type           Power      Damage    Failure   Level
 Ensorcelled Hibernation  Hex/Ice        6%         N/A       30%         2
 Confusing Touch          Hex            5%         N/A       34%         3
 Tukima's Dance           Hex            5%         N/A       34%         3
 Dazzling Flash           Conj/Hex       6%         N/A       52%         3

Inventory:

Hand Weapons
 f - a +0 whip (weapon)
Armour
 b - a +0 robe (worn)
Jewellery
 e - a ring of resist corrosion
Scrolls
 d - a scroll of identify {unknown}
Potions
 c - 2 potions of invisibility

Dungeon Overview and Level Annotations

Branches:
Dungeon (1/15)

Altars:


Message History

You see here 6 stones.
A rat and a hobgoblin come into view.
The hobgoblin shouts!
794 ||| Stepping ~*~*~tactically~*~*~ (stealth).
You hit the rat.
You kill the rat!
You hit the hobgoblin but do no damage. The hobgoblin hits you.
You closely miss the hobgoblin. The hobgoblin hits you.
You hit the hobgoblin.
The hobgoblin is almost dead.
The hobgoblin hits you. x2
You hit the hobgoblin.
You kill the hobgoblin!
You start resting.
A quokka comes into view.
855 ||| Stepping ~*~*~tactically~*~*~ (stealth).
You start resting.
A quokka is nearby!
You hit the quokka but do no damage. The quokka barely misses you.
You hit the quokka but do no damage. The quokka closely misses you.
The quokka bites you.
You hit the quokka.
The quokka is severely wounded.
The quokka bites you but does no damage.
You closely miss the quokka.
The quokka is severely wounded.
The quokka bites you but does no damage.
You hit the quokka but do no damage.
The quokka is severely wounded.
The quokka bites you. The quokka closely misses you.
You closely miss the quokka.
The quokka is severely wounded.
The quokka bites you.
You miss the quokka.
The quokka is severely wounded.
The quokka bites you.
You die...

#.#.## #....######
####..#......# .#
#....##......# .##
#.######.....# .$r.
#####.######.|...# ....
...........%...### ##..#
...........########....#
..........######@r..##..##
............(.....%.......
..........###..####.###.##
..........###.## .#
#####....###..# .# ##
#.#### #.## .# .#
##.######.# .#
####..##...%.# ##
.#...##..######


You could see a quokka.

Vanquished Creatures
  2 bats (D:1)
  An endoplasm (D:1)
  2 giant cockroaches (D:1)
  A hobgoblin (D:1)
  A ball python (D:1)
  A goblin (D:1)
  3 kobolds (D:1)
  4 rats (D:1)
15 creatures vanquished.

Notes
Turn   | Place    | Note
-------+----------+-------------------------------------------
     0 | D:1      | qw the Ghoul Enchanter began the quest for the Orb.
     0 | D:1      | Reached XP level 1. HP: 14/14 MP: 2/2
     0 | D:1      | 0 ||| qw: Version: 0.1-a-108-g9e35731
     0 | D:1      | 0 ||| qw: Game counter: 6214
     0 | D:1      | 0 ||| qw: Always use a shield: true
     0 | D:1      | 0 ||| qw: God list: Okawaru
     0 | D:1      | 0 ||| qw: Allow faded altars: false
     0 | D:1      | 0 ||| qw: Do Orc after D:15 true
     0 | D:1      | 0 ||| qw: Do second Lair branch before Depths: true
     0 | D:1      | 0 ||| qw: Lair rune preference: random
     0 | D:1      | 0 ||| qw: Plans: Normal
     0 | D:1      | 0 ||| PLANNING D:1-11
   246 | D:1      | 246 ||| Stepping ~*~*~tactically~*~*~ (outnumbered).
   247 | D:1      | 247 ||| Stepping ~*~*~tactically~*~*~ (outnumbered).
   248 | D:1      | 248 ||| Stepping ~*~*~tactically~*~*~ (outnumbered).
   249 | D:1      | 249 ||| Stepping ~*~*~tactically~*~*~ (outnumbered).
   253 | D:1      | Reached skill level 1 in Axes
   262 | D:1      | HP: 2/15 [kobold/+0 dagger (2)]
   268 | D:1      | HP: 2/15 [goblin/+0 dagger (1)]
   270 | D:1      | Reached XP level 2. HP: 3/22 MP: 3/3
   532 | D:1      | 532 ||| SWAPPING to +0 whip.
   533 | D:1      | 533 ||| DROPPING +1 dagger.
   582 | D:1      | Reached skill level 1 in Fighting
   794 | D:1      | 794 ||| Stepping ~*~*~tactically~*~*~ (stealth).
   855 | D:1      | 855 ||| Stepping ~*~*~tactically~*~*~ (stealth).
   865 | D:1      | HP: 4/23 [quokka (3)]
   866 | D:1      | HP: 1/23 [quokka (3)]
   867 | D:1      | Slain by a quokka

Levels and vault maps discovered:
D:1:      lemuel_arrival_behind_the_door_large, layout_rooms

Skill      XL: |  1  2 |
---------------+-------+-----
Axes           | 1 |  1.4
Fighting       | 1 |  1.0
Short Blades   | |  0.8
Dodging        | |  1.7
Stealth        | |  3.2
Spellcasting   | |  1.7
Hexes          | |  2.4

Action                   || total
-------------------------++-------
Melee: Dagger            ||    43
       Whip              ||    44
Armor: Robe              ||    13
Dodge: Dodged            ||    50

Table legend:
 A = Non-vault XP
 B = Vault XP
 C = Vault XP percentage of total XP
 D = Non-vault monster count
 E = Vault monster count
 F = Vault count percentage of total count
                 A         B        C        D         E       F
            +---------+---------+-------+---------+---------+-------
      Total |      22 |       0 |   0.0 |      15 |       0 |   0.0
            +---------+---------+-------+---------+---------+-------
        D:1 |      22 |       0 |   0.0 |      15 |       0 |   0.0
            +---------+---------+-------+---------+---------+-------
